 Dungeon Crawl Stone Soup version 0.27.1-2-g3b301248ec (webtiles) character file.

Game seed: 13342095513327193822

161 Borgoz the Skirmisher (level 5, -3/51 HPs)
             Began as a Gargoyle Berserker on Sept 22, 2021.
             Was a Believer of Trog.
             Slain by Edmund (7 damage)
             ... on level 5 of the Dungeon.
             The game lasted 00:02:20 (3973 turns).

Borgoz the Skirmisher (Gargoyle Berserker)          Turns: 3973, Time: 00:02:21

Health: -3/51      AC:  6    Str: 20    XL:     5   Next: 42%
Magic:  5/5        EV: 12    Int:  8    God:    Trog [**....]
Gold:   151        SH:  0    Dex: 10    Spells: 4/4 levels left

rFire    . . .     SeeInvis .   a - +0 mace
rCold    . . .     Faith    .   (no shield)
rNeg     + . .     Spirit   .   b - +0 animal skin
rPois    ∞         Reflect  .   (no helmet)
rElec    +         Harm     .   (no cloak)
rCorr    .         Rampage  .   (no gloves)
Will     .....                  (no boots)
Stlth    ..........             (no amulet)
HPRegen  0.17/turn              (no ring)
MPRegen  0.09/turn              (no ring)

@: berserking, very quick
A: sickness immunity, AC +4, negative energy resistance 1, electricity
resistance, torment resistance 1, petrification resistance
a: Renounce Religion, Berserk, Trog's Hand


You were on level 5 of the Dungeon.
You worshipped Trog.
Trog was pleased with you.
You visited 1 branch of the dungeon, and saw 4 of its levels.

You collected 151 gold pieces.

Inventory:

Hand Weapons
 a - a +0 mace (weapon)
Armour
 b - a +0 animal skin (worn)
Wands
 j - a wand of flame (10)
 n - a wand of iceblast (11)
Scrolls
 d - a scroll of enchant weapon {unknown}
 e - a scroll of vulnerability {unknown}
 f - a scroll of acquirement {unknown}
 i - a scroll of enchant armour {unknown}
 l - a scroll of blinking {unknown}
 m - a scroll of identify {unknown}
Potions
 c - a potion of flight {unknown}
 g - a potion of resistance {unknown}
 h - a potion of attraction {unknown}
 k - 2 potions of lignification {unknown}


   Skills:
 + Level 4.3 Fighting
 + Level 3.9 Maces & Flails
 + Level 3.5 Armour
 + Level 2.5 Dodging


You had 4 spell levels left.
You didn't know any spells.
Your spell library was empty.

Dungeon Overview and Level Annotations

Branches:
Dungeon (3/15)

Altars:
Dithmenos

Shops:
D:1 [

Annotations:
D:5 Edmund


Innate Abilities, Weirdness & Mutations

You are immune to sickness and miasma.
Your stone body is resilient. (AC +4)
You are immune to poison.
You resist negative energy. (rN+)
You are resistant to electric shocks. (rElec)
You are resistant to unholy torment.
You are immune to petrification.


Message History

You see here 11 gold pieces.
You now have 151 gold pieces (gained 11).
The adder bites you but does no damage.
You miss the adder. The adder bites you but does no damage.
You sock the adder!
The adder is almost dead.
The adder closely misses you. Edmund closely misses you.
The adder closely misses you.
You closely miss the adder.
The adder is almost dead.
Edmund hits you with a +1 dire flail of protection!
The adder barely misses you. Edmund closely misses you.
A red film seems to cover your vision as you go berserk!
You feel yourself moving faster!
You feel mighty! The adder closely misses you.
Edmund hits you with a +1 dire flail of protection!
You barely miss the adder.
The adder is almost dead.
Edmund hits you with a +1 dire flail of protection!
The adder closely misses you.
You thump the adder!
You kill the adder!
Trog accepts your kill.
Edmund hits you with a +1 dire flail of protection!
* * * LOW HITPOINT WARNING * * *
You hit Edmund.
Edmund is lightly wounded.
Edmund says, "I'm quite good with sums, too."
Edmund closely misses you.
Edmund hits you with a +1 dire flail of protection.
* * * LOW HITPOINT WARNING * * *
You sock Edmund!
Edmund is moderately wounded.
Edmund hits you but does no damage.
You hit Edmund but do no damage.
Edmund is moderately wounded.
Edmund closely misses you.
You barely miss Edmund.
Edmund is moderately wounded.
Edmund hits you with a +1 dire flail of protection!
You die...

##+#######
+........#........
#........#.......#
..#........#.[.....#
..#........#.......+
..#..>.##'##.......#####
..#....##..#............
..#........#...@†.......
..#........#....@.......
..###+######............
...................#####
##.................+
.'.................#
.#.................#
##......####.......#
........# #.........
........+ #.........


You could see Edmund (fast).

Vanquished Creatures
  A bullfrog skeleton (D:5)
  Jessica (D:2)
  6 adders
  3 worms
  An orc (D:3)
  6 goblins
  2 hobgoblins
  4 quokkas
  2 ball pythons
  6 bats
  2 frilled lizards (D:1)
  6 kobolds
  8 rats
48 creatures vanquished.

Notes
Turn   | Place    | Note
-------+----------+-------------------------------------------
     0 | D:1      | Borgoz the Gargoyle Berserker began the quest for the Orb.
     0 | D:1      | Reached XP level 1. HP: 14/14 MP: 1/1
    60 | D:1      | Found Woohinot's Armour Shoppe.
   476 | D:1      | Reached XP level 2. HP: 19/19 MP: 2/2
  1427 | D:2      | Reached XP level 3. HP: 13/23 MP: 3/3
  1567 | D:2      | Found a shadowy altar of Dithmenos.
  1861 | D:2      | Reached XP level 4. HP: 20/29 MP: 4/4
  2279 | D:2      | Reached skill level 4 in Fighting
  2621 | D:2      | Noticed Jessica
  2634 | D:2      | Killed Jessica
  2634 | D:2      | Reached ** piety under Trog
  3674 | D:3      | Reached XP level 5. HP: 30/33 MP: 5/5
  3737 | D:3      | You fall into a shaft and drop 2 floors!
  3737 | D:5      | Entered Level 5 of the Dungeon
  3939 | D:5      | Noticed a black bear
  3961 | D:5      | Noticed Edmund
  3973 | D:5      | Slain by Edmund

Illustrated notes

Levels and vault maps discovered:
D:1:      heliophobic_arrival_enchanted_forest, layout_basic, serial_shops,
          nicolae_shop_waterfront
D:2:      layout_basic, basic_altar, uniq_jessica
D:3:      layout_loops_ring, lightli_temple_of_fire,
          chequers_serial_rivers_small_3, kennysheep_generic_room_5
D:5:      layout_gridville, gammafunk_temple_overflow_pools, uniq_edmund

Skill      XL: |  1  2  3  4 |
---------------+-------------+-----
Dodging        | 2 |  2.5
Armour         | 3 |  3.5
Fighting       | 4 |  4.3
Maces & Flails | |  3.9

Action                   |  1- 3 |  4- 6 || total
-------------------------+-------+-------++-------
Melee: Mace              |   104 |   111 ||   215
Invok: Berserk           |       |     2 ||     2
 Stab: Sleeping          |       |     1 ||     1
Armor: Animal skin       |    39 |    57 ||    96
Dodge: Dodged            |    86 |   105 ||   191
